 Dungeon Crawl Stone Soup version 0.26-a0-117-g2bcdb00447 (webtiles) character file.

Game seed: 9033100138759552912

77 Hastur the Skirmisher (level 4, 0/38 HPs)
             Began as a Formicid Warper on June 28, 2020.
             Slain by Robin
             ... wielding a +3 mace of draining
              (2 damage)
             ... on level 1 of the Dungeon.
             The game lasted 00:03:20 (1862 turns).

Hastur the Skirmisher (Formicid Warper)             Turns: 1862, Time: 00:03:20

Health: 0/38       AC:  4    Str: 16    XL:     4   Next: 58%
Magic:  7/7        EV: 11    Int: 13    God:
Gold:   59         SH:  0    Dex: 10    Spells: 7/7 levels left

rFire    . . .     SeeInvis +   a - +0 hand axe
rCold    . . .     Faith    .   (no shield)
rNeg     . . .     Spirit   .   b - +0 leather armour
rPois    .         Reflect  .   (helmet unavailable)
rElec    .         Harm     .   (no cloak)
rCorr    .                      (no gloves)
MR       .....                  k - +0 pair of boots
Stlth    +.........             (no amulet)
HPRegen  0.12/turn              (no ring)
MPRegen  0.10/turn              (no ring)

@: heavily drained
A: permanent stasis, dig shafts and tunnels, four strong arms, antennae 3
a: Dig, Shaft Self


You were on level 1 of the Dungeon.
You were not hungry.

You visited 1 branch of the dungeon, and saw 2 of its levels.

You collected 59 gold pieces.

Inventory:

Hand Weapons
 a - a +0 hand axe (weapon)
 g - a +1 mace of draining
Missiles
 e - 5 boomerangs of dispersal (quivered)
Armour
 b - a +0 leather armour (worn)
 k - a +0 pair of boots (worn)
Scrolls
 d - a scroll of blinking
 h - a scroll of immolation {unknown}
 j - a scroll of teleportation {unknown}
 m - 2 scrolls of identify {unknown}
 p - a scroll of enchant weapon {unknown}
Potions
 c - a potion of mutation {unknown}
 i - a potion of heal wounds {unknown}
 l - a potion of curing {unknown}
 o - a potion of brilliance {unknown}
Comestibles
 f - 5 rations


   Skills:
 + Level 4.9(2.2) Fighting
 - Level 2.0(0.0) Axes
 - Level 1.0(0.0) Throwing
 - Level 1.1(0.0) Armour
 - Level 1.7(0.0) Dodging
 - Level 2.1(0.0) Spellcasting
   Level 2.6(0.1) Translocations


You had 7 spell levels left.
You didn't know any spells.
Your spell library contained the following spells:

 Spells                   Type           Power        Failure   Level  Hunger
 Shroud of Golubria       Chrm/Tloc      #.....       50%         2    ###....
 Gell's Gravitas          Tloc           #.........   71%         3    ####...
 Lesser Beckoning         Tloc           #.........   71%         3    ####...
 Teleport Other           Tloc           #.......     71%         3    ####...
 Passage of Golubria      Tloc           N/A          98%         4    #####..
 Blink                    Tloc           Unusable     N/A         2    N/A

Dungeon Overview and Level Annotations

Branches:
Dungeon (2/15)

Altars:

Annotations:
D:1 Robin
D:2 1 runed translucent door, Crazy Yiuf, Sigmund


Innate Abilities, Weirdness & Mutations

You cannot be hasted, slowed, berserked, paralysed or teleported.
You can dig through walls and to a lower floor.
Your four strong arms can wield two-handed weapons with a shield.
You have a pair of large antennae on your head. (SInv)


Message History

You feel drained.
You hit Robin.
Robin is heavily wounded.
Robin hits you with a +3 mace of draining.
You feel drained.
You hit Robin but do no damage.
Robin is heavily wounded.
Robin barely misses you.
You hit Robin.
Robin is severely wounded.
Robin hits you with a +3 mace of draining!
* * * LOW HITPOINT WARNING * * *
You feel drained.
* * * LOW HITPOINT WARNING * * *
You hit Robin.
Robin is severely wounded.
Robin hits you with a +3 mace of draining.
* * * LOW HITPOINT WARNING * * *
You feel drained.
You die...

### ..# #####
..#####...#####
..+...........#
..#...........##
..#.....##.....########
.รท#.....##..(#.#......#
................@.....###
##........(..#.g........#
##.....(.....#..........#
.............##.........#
..#.....................#
..#.....................#
.........##.>...........#
.........##.............#
.........##.............#


You could see Robin.

Vanquished Creatures
  An adder (D:2)
  A worm (D:2)
  3 dart slugs
  3 leopard geckos
  A ball python (D:2)
  A giant cockroach (D:2)
  13 goblins
  3 hobgoblins
  10 kobolds
  5 bats
  7 frilled lizards
  4 rats
52 creatures vanquished.

Notes
Turn   | Place    | Note
-------+----------+-------------------------------------------
     0 | D:1      | Hastur the Formicid Warper began the quest for the Orb.
     0 | D:1      | Reached XP level 1. HP: 16/16 MP: 3/3
   337 | D:1      | Reached XP level 2. HP: 8/23 MP: 5/5
   340 | D:1      | Reached skill level 3 in Fighting
   750 | D:1      | Reached XP level 3. HP: 28/29 MP: 6/6
  1054 | D:2      | Reached skill level 4 in Fighting
  1339 | D:2      | Found a runed translucent door.
  1340 | D:2      | Noticed Crazy Yiuf
  1438 | D:2      | Reached XP level 4. HP: 36/38 MP: 7/7
  1528 | D:2      | Noticed Sigmund
  1789 | D:2      | Noticed Robin
  1862 | D:1      | Slain by Robin

Illustrated notes

Levels and vault maps discovered:
D:1:      mrwooster_arrival_statue_2, layout_basic
D:2:      layout_loops_ring, first_ration, minmay_misc_feat_ornament,
          uniq_robin, uniq_crazy_yiuf_cottage, uniq_sigmund

Skill      XL: |  1  2  3 |
---------------+----------+-----
Fighting       | 3 4 |  4.9
Axes           | |  2.0
Throwing       | |  1.0
Armour         | |  1.1
Dodging        | |  1.7
Spellcasting   | |  2.1
Translocations | |  2.6

Action                   |  1- 3 |  4- 6 || total
-------------------------+-------+-------++-------
Melee: Hand axe          |    97 |    70 ||   167
 Abil: Dig               |     1 |       ||     1
  Eat: Chunk             |     2 |     1 ||     3
Armor: Leather armour    |    25 |    22 ||    47
Dodge: Dodged            |    59 |    36 ||    95

Table legend:
 A = Non-vault XP
 B = Vault XP
 C = Vault XP percentage of total XP
 D = Non-vault monster count
 E = Vault monster count
 F = Vault count percentage of total count
                 A         B        C        D         E       F
            +---------+---------+-------+---------+---------+-------
      Total |     101 |       9 |   8.2 |      47 |       5 |   9.6
            +---------+---------+-------+---------+---------+-------
        D:1 |      43 |       0 |   0.0 |      24 |       0 |   0.0
        D:2 |      58 |       9 |  13.4 |      23 |       5 |  17.9
            +---------+---------+-------+---------+---------+-------
